 Dungeon Crawl Stone Soup version 0.26-a0-257-g47e9e61525 (webtiles) character file.

Game seed: 15676819641546325858

18 Infinimo the Ruffian (level 2, -9/26 HPs)
             Began as a Ghoul Monk on July 10, 2020.
             Mangled by a gnoll
             ... wielding a +0 halberd
              (17 damage)
             ... on level 1 of the Dungeon.
             The game lasted 00:00:44 (495 turns).

Infinimo the Ruffian (Ghoul Monk)                    Turns: 495, Time: 00:00:45

Health: -9/26      AC:  2    Str: 14    XL:     2   Next: 66%
Magic:  1/1        EV: 13    Int:  5    God:
Gold:   12         SH:  0    Dex: 11    Spells: 1/1 levels left

rFire    . . .     SeeInvis .     - Unarmed
rCold    + . .     Faith    .   (no shield)
rNeg     + + +     Spirit   .   a - +0 robe
rPois    ∞         Reflect  .   (no helmet)
rElec    .         Harm     .   (no cloak)
rCorr    .                      (no gloves)
MR       .....                  (no boots)
Stlth    ++........             (no amulet)
HPRegen  0.00/turn              (no ring)
MPRegen  0.07/turn              (no ring)

@: rotting
A: rotting body, claws 1, carnivore, cold resistance 1, negative energy
resistance 3, inhibited regeneration, torment resistance, unbreathing
a: no special abilities


You were on level 1 of the Dungeon.
You were not hungry.

You visited 1 branch of the dungeon, and saw 1 of its levels.

You collected 12 gold pieces.

Inventory:

Armour
 a - a +0 robe (worn)
Scrolls
 b - a scroll of blinking {unknown}
 d - 2 scrolls of amnesia {unknown}
 e - a scroll of magic mapping {unknown}
 f - a scroll of remove curse {unknown}
Comestibles
 c - 2 chunks of flesh


   Skills:
 + Level 3.5 Fighting
 + Level 0.6 Armour
 + Level 2.8 Dodging
 - Level 2.1 Stealth
 * Level 3.7 Unarmed Combat


You had one spell level left.
You didn't know any spells.
Your spell library was empty.

Dungeon Overview and Level Annotations

Branches:
Dungeon (1/15)

Altars:


Innate Abilities, Weirdness & Mutations

Your body is rotting away.
You thrive on raw meat.
You are immune to poison.
You have sharp fingernails.
You are carnivorous and can eat meat at any time.
Your flesh is cold resistant. (rC+)
You are immune to negative energy. (rN+++)
You do not regenerate when monsters are visible.
You are immune to unholy pain and torment.
You can survive without breathing.


Message History

You are too injured to fight recklessly!
You are too injured to fight recklessly!
You are too injured to fight recklessly!
A leopard gecko comes into view.
The bat hits you. The bat hits you. x2
The bat hits you.
You scratch the bat.
The bat is moderately wounded.
You scratch the bat but do no damage. You claw the bat!
You kill the bat!
You scratch the gnoll.
The gnoll is moderately wounded.
You scratch the gnoll.
The gnoll is heavily wounded.
The gnoll is heavily wounded.
The gnoll hits you with a +0 halberd!
Ouch! That really hurt!
You die...

#.....≈≈≈≈≈≈≈.....#....÷.....#
#....≈≈≈≈≈≈≈≈≈....#.##.....#.#
###################.#........#
.............g......#...#..###
..#############.#............
..#.....#...†g..#.#(#.#.##.#.#
........#..######.#.#.#.# .#.#
.##.######.#....#.#.#.#.# .# #
...............g@.#.#.#
###.######.#..#####.#.#
###...................#.###
...............)...÷>......
.........(........#.#.#####
#######.#......#..#.#...
#.#.........#.# ###
#.#######...#.# #.# #...#.#


You could see a gnoll.

Vanquished Creatures
  3 dart slugs (D:1)
  A hobgoblin (D:1)
  A kobold (D:1)
  A ball python (D:1)
  2 bats (D:1)
  2 frilled lizards (D:1)
  2 goblins (D:1)
  2 rats (D:1)
14 creatures vanquished.

Notes
Turn   | Place    | Note
-------+----------+-------------------------------------------
     0 | D:1      | Infinimo the Ghoul Monk began the quest for the Orb.
     0 | D:1      | Reached XP level 1. HP: 19/19 MP: 0/0
   119 | D:1      | Reached XP level 2. HP: 19/26 MP: 1/1
   495 | D:1      | Mangled by a gnoll

Illustrated notes

Levels and vault maps discovered:
D:1:      nzn_arrival_depleted_hourglass, layout_basic

Action                   || total
-------------------------++-------
Melee: Unarmed           ||    49
       Punch             ||     1
 Stab: Sleeping          ||     2
  Eat: Chunk             ||     2
Armor: Robe              ||    24
Dodge: Dodged            ||    62

Table legend:
 A = Non-vault XP
 B = Vault XP
 C = Vault XP percentage of total XP
 D = Non-vault monster count
 E = Vault monster count
 F = Vault count percentage of total count
                 A         B        C        D         E       F
            +---------+---------+-------+---------+---------+-------
      Total |      26 |       0 |   0.0 |      14 |       0 |   0.0
            +---------+---------+-------+---------+---------+-------
        D:1 |      26 |       0 |   0.0 |      14 |       0 |   0.0
            +---------+---------+-------+---------+---------+-------
